 Dungeon Crawl Stone Soup version 0.30-a0-325-gb515db48ae (webtiles) character file.

Game seed: 11433675439162914570

168 Engwar the Conjurer (level 5, -1/41 HPs)
             Began as a Draconian Reaver on Oct 28, 2022.
             Was an Initiate of Ashenzari.
             Killed from afar by an orc wizard (9 damage)
             ... with a magic dart
             ... on level 4 of the Dungeon.
             The game lasted 00:10:05 (2627 turns).

Engwar the Conjurer (Draconian Reaver)              Turns: 2627, Time: 00:10:06

Health: -1/41      AC:  9    Str: 14    XL:     5   Next: 23%
Magic:  8/8        EV: 27    Int: 15    God:    Ashenzari [......]
Gold:   190        SH:  0    Dex: 10    Spells: 5/8 levels left

rFire   . . .      SeeInvis .    l - +0 whip
rCold   . . .      Faith    .    (no shield)
rNeg    . . .      Spirit   .    (body armour unavailable)
rPois   +          Reflect  .    (helmet restricted)
rElec   .          Harm     .    (no cloak)
rCorr   .          Rampage  .    (no gloves)
Will    .....                    (no boots)
Stlth   +.........               f - amulet of the acrobat
HPRegen 0.26/turn                c - ring of poison resistance
MPRegen 0.11/turn                h - +4 ring of protection

@: acrobatic
A: AC +5, unfitting armour, cold-blooded
a: Renounce Religion, Curse Item


You were on level 4 of the Dungeon.
You worshipped Ashenzari.
Ashenzari was noncommittal.
You visited 1 branch of the dungeon, and saw 4 of its levels.

You collected 190 gold pieces.

Inventory:

Hand Weapons
 l - a +0 whip (weapon)
Jewellery
 c - a ring of poison resistance (left hand)
 f - an amulet of the acrobat (around neck)
 h - a +4 ring of protection (right hand)
Scrolls
 j - a scroll of fog
Potions
 a - a potion of ambrosia
 b - a potion of might
 d - 3 potions of curing
 e - a potion of cancellation
 g - 2 potions of mutation {unknown}
 i - a potion of heal wounds {unknown}
 k - a potion of attraction {unknown}
 m - 3 potions of flight


   Skills:
 - Level 2.1 Fighting
 + Level 4.4 Maces & Flails
 - Level 1.7 Dodging
 - Level 2.0 Spellcasting
 + Level 4.4 Conjurations
 - Level 2.0 Translocations


You had 5 spell levels left.
You knew the following spells:

 Your Spells              Type           Power      Damage    Failure   Level
a - Kiss of Death         Conj/Necr      32%        2d7       9%          1
b - Momentum Strike       Conj/Tloc      22%        3d8       9%          2

Your spell library contained the following spells:

 Spells                   Type           Power      Damage    Failure   Level
 Hailstorm                Conj/Ice       8%         3d4       26%         3


Dungeon Overview and Level Annotations

Branches:
Dungeon (4/15)
 Temple: D:4-7

Altars:
Ashenzari
Makhleb
Ru
Sif Muna
Xom
Yredelemnul
The Shining One


Innate Abilities, Weirdness & Mutations

Your plain brown scales are hard. (AC +5)
You cannot fit into any form of body armour.
You are cold-blooded and may be slowed by cold attacks.


Message History

You hear some strange, mumbled words.
Something tries to affect you, but you resist.
You barely miss something. The kobold barely misses you.
Something hits you but does no damage.
You closely miss something.
Your tail-slap misses something.
The kobold hits you with a +0 club.
You hear some strange, mumbled words.
A magic dart appears from out of thin air!
The magic dart hits you but does no damage.
You barely miss something.
Your tail-slap misses something.
The kobold hits you with a +0 club. Something completely misses you.
You barely miss something. Something hits you but does no damage.
The kobold barely misses you.
The orc shouts!
You hit something.
Your tail-slap misses something.
The kobold hits you but does no damage. Something hits you but does no damage.
You barely miss something. You barely miss something.
The kobold hits you but does no damage.
An orc priest comes into view. It is wielding a +0 dagger.
Something hits you but does no damage.
An orc comes into view. It is wielding a +0 short sword.
The orc shouts!
The orc priest shouts!
You hit something. The kobold hits you with a +0 club. Something hits you.
You miss something.
Your tail-slap misses something.
The kobold hits you but does no damage. Something hits you but does no damage.
The kobold throws a stone.
The stone hits you but does no damage.
You hear some strange, mumbled words.
A puff of flame appears from out of thin air!
The puff of flame misses you.
The kobold throws a stone.
The stone completely misses you.
The kobold throws a stone.
The kobold throws a stone.
The stone hits you but does no damage.
A puff of flame appears from out of thin air!
The puff of flame misses you.
The orc priest mumbles some strange prayers to Beogh against you.
Beogh smites you!
* * * LOW HITPOINT WARNING * * *
A magic dart appears from out of thin air!
The magic dart hits you!
You die...

#### #..........#
##...# ##.##########
#.....#####..######
.......#....##....#
.......#†#####....#..
.........####.....#..
#.........##.........
#[................###
.............@......#
.......##.....#..##..
..).....#.......##
.................#
......###...o{.#..#
..##.##.......##..#
#..........Ko..#.....
...........#......o
#..........o###...#


You could see an orc priest, an orc and a kobold.

Vanquished Creatures
  A bullfrog (D:4)
  A jelly (D:3)
  An iguana (D:4)
  Terence (D:3)
  4 adders
  A dart slug (D:2)
  3 orcs (D:3)
  4 bats
  6 endoplasms
  4 giant cockroaches
  9 goblins
  3 hobgoblins
  3 jackals (D:1)
  2 kobolds
  A quokka (D:3)
  6 ball pythons
  3 frilled lizards (D:2)
  5 rats
58 creatures vanquished.

Vanquished Creatures (others)
  An orc priest (D:3)
1 creature vanquished.

Grand Total: 59 creatures vanquished

Notes
Turn   | Place    | Note
-------+----------+-------------------------------------------
     0 | D:1      | Engwar the Draconian Reaver began the quest for the Orb.
     0 | D:1      | Reached XP level 1. HP: 17/17 MP: 3/3
   177 | D:1      | Reached XP level 2. HP: 21/24 MP: 5/5
   188 | D:1      | Learned a level 2 spell: Momentum Strike
   431 | D:1      | Found a faded altar of an unknown god.
   448 | D:1      | Prayed at the altar of an unknown god.
   448 | D:1      | Became a worshipper of Ashenzari the Shackled
   677 | D:1      | Reached XP level 3. HP: 18/29 MP: 6/6
   686 | D:1      | Reached skill level 1 in Translocations
  1343 | D:3      | Reached XP level 4. HP: 35/36 MP: 7/7
  1750 | D:3      | Noticed Terence
  1796 | D:3      | Killed Terence
  1997 | D:3      | Found a shimmering blue altar of Sif Muna.
  2101 | D:3      | Found a shimmering altar of Xom.
  2106 | D:3      | Found a basalt altar of Yredelemnul.
  2107 | D:3      | Found a glowing golden altar of the Shining One.
  2107 | D:3      | Found a sacrificial altar of Ru.
  2111 | D:3      | Found a burning altar of Makhleb.
  2318 | D:3      | Reached XP level 5. HP: 41/41 MP: 8/8
  2627 | D:4      | Killed from afar by an orc wizard

Illustrated notes

Levels and vault maps discovered:
D:1:      elethiomel_arrival_fortress_basement, layout_rooms,
          hellmonk_ecumenical_altar_pennies_from_heaven
D:2:      layout_rooms
D:3:      layout_loops_corners, mainiacjoe_overflow_alcove_4, minitemple,
          minmay_fractal_squares_5, uniq_terence
D:4:      layout_rooms, overflow_temple_1_default,
          mainiacjoe_overflow_six_doors_small, uniq_crazy_yiuf_cottage

Skill      XL: |  1  2  3  4 |
---------------+-------------+-----
Translocations | 1 2 |  2.0
Maces & Flails | 4 |  4.4
Conjurations   | 4 |  4.4
Fighting       | |  2.1
Dodging        | |  1.7
Spellcasting   | |  2.0

Action                   |  1- 3 |  4- 6 || total
-------------------------+-------+-------++-------
Melee: Mace              |    81 |       ||    81
       Tailslap          |     8 |    13 ||    21
       Whip              |    51 |   175 ||   226
 Cast: Momentum Strike   |     1 |     5 ||     6
  Use: Scroll            |     7 |     3 ||    10
Armor: Skin              |    52 |    56 ||   108
Dodge: Dodged            |   116 |    94 ||   210

Table legend: (Time is in decaauts)
 A = Elapsed time spent in this place.
 B = Non-inter-level travel time spent in this place.
 C = Inter-level travel time spent in this place.
 D = Time resting spent in this place.
 E = Time spent auto-exploring this place.
 F = Levels seen in this place.
 G = Mean time per level.
                   A        B        C        D        E       F      G
               +--------+--------+--------+--------+--------+-----+--------+
         Total |   2626 |   2561 |     65 |     79 |   1816 |   4 |  656.5 |
       Dungeon |   2626 |   2561 |     65 |     79 |   1816 |   4 |  656.5 |
               +--------+--------+--------+--------+--------+-----+--------+

Top non-repeatable levels by time:
     D:3: 1141 daAuts
     D:1: 747 daAuts
     D:2: 547 daAuts
     D:4: 191 daAuts
